[Event "Late-Titled-Tuesday-Blitz-February-20-2024"]
[Site "Chess.com"]
[Date "2024.02.20"]
[Round "2"]
[White "Casper"]
[Black "vugarrasulov"]
[Result "0-1"]
[WhiteElo "2558"]
[BlackElo "2929"]
[TimeControl "180+1"]
[EndTime "14:18:10 PST"]
[Termination "vugarrasulov won by resignation"]

1. Nf3 Nf6 2. b3 a5 3. Bb2 a4 4. e3 g6 5. bxa4 Bg7 6. c4 O-O 7. Nc3 d6 8. g3 e5 9. Bg2 Nc6 10. O-O Be6 11. d3 h6 12. Rb1 Qd7 13. Qe2 Bh3 14.
Nd2 Bxg2 15. Kxg2 Ra6 16. Nb3 h5 17. h3 Rfa8 18. Ba1 b6 19. f4 exf4 20. gxf4 d5 21. Rbd1 Re8 22. Qf3 dxc4 23. dxc4 Qe6 24. Nd5 Rc8 25.
f5 gxf5 26. Qxf5 Qxf5 27. Rxf5 Nxd5 28. cxd5 Ne7 29. Rxh5 Rxa4 30. Rd2 Bxa1 31. Nxa1 Rca8 32. Kf3 Rxa2 33. Rxa2 Rxa2 34. Nb3 Ng6 35. Nd4 Kg7 36. Nf5+ Kf6 37. Ng3 Ra4 38. Rf5+ Ke7 39. e4 Nh4+ 40. Kf4 Nxf5 41. Nxf5+ Kf8 42. h4 b5 43. Ke5 b4 44.
Nd4 Ra3 45. Nc2 Rb3 46. Kd4 Rb2 47. Kd3 b3 48. Na3 Rh2 49. Kc3 b2 50. h5 Ke7 51.
h6 Kf6 52. e5+ Kxe5 53. h7 Kxd5 54. h8=Q Rxh8 55. Kxb2 c5 56. Nb1 Rh2+ 57. Kb3 f5 58. Nc3+ Ke5 59. Nb5 f4 60. Kc4 f3 61. Nc3 f2 62.
Ne2 f1=Q 63. Kc3 Rxe2 0-1

[Event "Late-Titled-Tuesday-Blitz-February-20-2024"]
[Site "Chess.com"]
[Date "2024.02.20"]
[Round "2"]
[White "BebeBonito2022"]
[Black "SnekkerAndersen"]
[Result "0-1"]
[WhiteElo "2312"]
[BlackElo "2625"]
[TimeControl "180+1"]
[EndTime "14:18:14 PST"]
[Termination "SnekkerAndersen won on time"]

1. d4 e6 2. c4 d5 3. Nc3 Nf6 4. cxd5 exd5 5. Bg5 Be7 6. e3 c6 7. Bd3 Nbd7 8. Nge2 h6 9. Bh4 Nh5 10. Bxe7 Qxe7 11. O-O O-O 12. Qd2 Nb6 13. Rae1 f5 14. b3 a5 15. a4 Bd7 16. Bc2 Rae8 17. Nc1 Nf6 18. Nd3 Ne4 19. Nxe4 fxe4 20. Ne5 Qb4 21. Qxb4 axb4 22. a5 Rxe5 23. dxe5 Na8 24. f3 exf3 25. gxf3 Nc7 26. f4 Ra8 27. Ra1 Nb5 28. f5 Na3 29.
Bd3 c5 30. e6 Be8 31. f6 gxf6 32. Rxf6 Kg7 33. Raf1 c4 34. bxc4 dxc4 35. Be4 Rxa5 36. Rf8 Re5 37. Bxb7 Rxe6 38. Bd5 Rxe3 39. Rg8+ Kh7 40.
Rff8 Re5 41. Bxc4 Nxc4 42. Rxe8 Rb5 43. Rb8 Ra5 44. Rgc8 Rg5+ 45. Kf2 Rf5+ 46. Ke2 Nd6 47.
Rc7+ Kg6 48. Rxb4 Nf7 49. Rb6+ Kh5 50. Rc4 Ng5 51. Rbb4 Re5+ 52. Kd1 Rf5 53. Rh4+ Kg6 54. Rhg4 Kh5 55. h4 Ne6 56. Rg8 Nf4 57. Kc1 Kxh4 0-1

[Event "Late-Titled-Tuesday-Blitz-February-20-2024"]
[Site "Chess.com"]
[Date "2024.02.20"]
[Round "2"]
[White "Galileo22"]
[Black "Njal28"]
[Result "1/2-1/2"]
[WhiteElo "2609"]
[BlackElo "2996"]
[TimeControl "180+1"]
[EndTime "14:18:25 PST"]
[Termination "Game drawn by repetition"]

1. Nf3 Nf6 2. d4 d5 3. c4 e6 4. e3 a6 5. Nbd2 Bd6 6. b3 O-O 7. Bb2 b6 8. Bd3 Bb7 9. O-O Nbd7 10. Qc2 c5 11. cxd5 exd5 12. Ne5 Qe7 13. Nxd7 Qxd7 14. dxc5 bxc5 15. Bxf6 gxf6 16. Bxh7+ Kg7 17. Bf5 Qe7 18.
Qd1 Bxh2+ 19. Kxh2 Qe5+ 20. Kg1 Qxf5 21. Qf3 Qg5 22.
Rfc1 Rac8 23. Nf1 Rh8 24. Ng3 Kg6 25. Rab1 a5 26. Rb2 Rc7 27. Rbc2 d4 28. e4 Rh4 29. Qf5+ Qxf5 30. exf5+ Kg7 31. Rxc5 Rd7 32. Rc7 Rxc7 33. Rxc7 Ba6 34. Rd7 d3 35. f3 a4 36. Ne4 axb3 37. axb3 Rh8 38. Nc5 Bb5 39. Rd5 Ra8 40. Nxd3 Bc6 41.
Rd6 Bb5 42. Nf2 Ra1+ 43. Kh2 Ra2 44. Ng4 Bf1 45. Ne3 Be2 46. Kg3 Rb2 47. Rb6 Bd3 48. b4 Rb3 49. Nd5 Bxf5 50. Nxf6 Rb2 51. Nh5+ Kf8 52.
Rb8+ Ke7 53. Nf4 Bd7 54. Nd5+ Kd6 55. Nf4 Bf5 56. Rb6+ Kc7 57. Nd5+ Kd7 58. Nf4 Bb1 59.
Rb5 Ba2 60. Ra5 Bc4 61. Ra7+ Ke8 62. Rb7 Rb3 63. Rb6 Rb2 64. Kg4 Bf1 65. g3 Rb3 66.
Rb8+ Ke7 67. Rb7+ Kf8 68. Rb8+ Kg7 69. Rb7 Kf8 70. Rb8+ Ke7 71. Rb7+ Ke8 72. Rb8+ Kd7 73.
Rb7+ Ke8 74. Rb8+ 1/2-1/2

[Event "Late-Titled-Tuesday-Blitz-February-20-2024"]
[Site "Chess.com"]
[Date "2024.02.20"]
[Round "2"]
[White "Mesa_1"]
[Black "platy3"]
[Result "0-1"]
[WhiteElo "2562"]
[BlackElo "2948"]
[TimeControl "180+1"]
[EndTime "14:18:25 PST"]
[Termination "platy3 won by resignation"]

1. d4 Nf6 2. c4 e6 3. Nc3 Bb4 4. Nf3 O-O 5. Bg5 h6 6. Bh4 d5 7. cxd5 exd5 8. e3 Bf5 9. Bd3 Bxd3 10. Qxd3 c6 11. O-O Nbd7 12. Ne5 Re8 13. Nxd7 Qxd7 14. Bxf6 gxf6 15. Ne2 Bd6 16. Ng3 Qg4 17. Nf5 Bf8 18. f3 Qg6 19. g4 Kh8 20. Kh1 Re6 21. Qb3 b6 22. Rac1 Rae8 23. a4 h5 24. h3 Bh6 25. Rce1 Rg8 26. Rg1 Qh7 27. Qc2 Bg5 28. Kg2 Rge8 29. Kf2 Bh6 30. Re2 Bf8 31. Ke1 c5 32. Rgg2 Qg8 33. gxh5 Qh7 34. h6 cxd4 35. Nxd4 Rxe3 36. Qxh7+ Kxh7 37. Rxe3 Rxe3+ 38. Re2 Rd3 39. Nc6 Rxf3 40. Re8 Bc5 41. Nxa7 Rxh3 42. Nb5 Rb3 43.
Re2 d4 44. Kd1 Kxh6 45. Rg2 Rb4 46. Kc2 Rxa4 47. Kd3 Rb4 48. Nc7 Rb3+ 49. Ke4 Re3+ 50. Kf5 Rf3+ 51. Ke4 Rf1 52. Nd5 f5+ 53. Ke5 Kh5 54.
Nf4+ Kh6 55. Rh2+ Kg7 56. Rg2+ Kf8 57. Nd5 d3 58. b4 Bf2 59. Rh2 d2 60. Kf6 Ke8 61.
Nc3 Bd4+ 62. Kg5 Bxc3 63. Re2+ Kd7 0-1

[Event "Late-Titled-Tuesday-Blitz-February-20-2024"]
[Site "Chess.com"]
[Date "2024.02.20"]
[Round "2"]
[White "rickywsb"]
[Black "Romadk"]
[Result "1-0"]
[WhiteElo "2334"]
[BlackElo "2500"]
[TimeControl "180+1"]
[EndTime "14:18:26 PST"]
[Termination "rickywsb won by checkmate"]

1. d4 Nf6 2. Bf4 d5 3. e3 c5 4. Nf3 Nc6 5. c3 Qb6 6. Qb3 c4 7. Qc2 Bf5 8. Qc1 e6 9. Nbd2 h6 10. h3 Be7 11. Be2 O-O 12. O-O Rfc8 13. Ne5 Qd8 14. f3 b5 15. Re1 b4 16. Bf1 bxc3 17. bxc3 Qa5 18. e4 Bh7 19. exd5 Ba3 20. Ndxc4 Bxc1 21. Nxa5 Bxf4 22. dxc6 Bd2 23. Red1 Bxc3 24. Nac4 Bxa1 25.
Rxa1 Nd5 26. Nd6 f6 27. Nxc8 Rxc8 28. Nd7 Rxc6 29. Nc5 Kf7 30. Bc4 Rb6 31. Re1 Rb4 32.
Bb3 Nf4 33. Nxe6 Nxe6 34. Bxe6+ Kf8 35. d5 Rb2 36. a4 Rd2 37. Rc1 Ke7 38. Rc7+ Kd6 39.
Rxg7 Bd3 40. Rxa7 Rd1+ 41. Kf2 Rf1+ 42. Kg3 Rg1 43. Kf2 Rf1+ 44. Ke3 Bc4 45. Rf7 Ke5 46. Rh7 Rg1 47. Kf2 Rf1+ 48. Kg3 Rg1 49. Rxh6 Bf1 50. Rh5+ Kd6 51. Kf2 Rxg2+ 52. Kxf1 Ra2 53. Rh6 Ke5 54. Bf7 Rxa4 55. h4 Rf4 56. Kf2 Rb4 57.
Kg3 Rb3 58. Rh5+ f5 59. Be6 Kf6 60. Rxf5+ Kg7 61. h5 Kh6 62. Kg4 Rb1 63. Rf6+ Kg7 64. Rg6+ Kh8 65. d6 Rg1+ 66. Kf5 Rxg6 67. hxg6 Kg7 68. d7 Kf8 69. d8=Q+ Kg7 70. Qf6+ Kh6 71. g7+ Kh7 72. g8=Q# 1-0

[Event "Late-Titled-Tuesday-Blitz-February-20-2024"]
[Site "Chess.com"]
[Date "2024.02.20"]
[Round "2"]
[White "Fandorine"]
[Black "ACollins05"]
[Result "1/2-1/2"]
[WhiteElo "2943"]
[BlackElo "2575"]
[TimeControl "180+1"]
[EndTime "14:18:32 PST"]
[Termination "Game drawn - insufficient material"]

1. d4 d5 2. c4 e6 3. Nf3 Nf6 4. Qc2 Be7 5. Bg5 O-O 6. Nc3 h6 7. Bxf6 Bxf6 8. e3 b6 9. cxd5 exd5 10. Bd3 Bb7 11. O-O Nd7 12. b4 c6 13. Rab1 Re8 14. h3 a5 15. b5 c5 16. Bf5 cxd4 17. Bxd7 Qxd7 18. Nxd4 Bxd4 19. exd4 Rac8 20. Qd3 Rc4 21. Rfe1 Rec8 22. Ne2 Rc2 23. a3 Qd6 24. Rbc1 Rxc1 25. Rxc1 Rxc1+ 26. Nxc1 Bc8 27. Ne2 g6 28. Qg3 Qxg3 29.
Nxg3 Kf8 30. Ne2 Ke7 31. Nc3 Kd6 32. h4 Bf5 33. Kh2 Bd3 34. Kg3 f5 35. Kf4 Ke6 36. f3 Bc4 37. g4 fxg4 38. fxg4 Kf6 39. g5+ hxg5+ 40. hxg5+ Ke6 41. Kg4 Kd6 42. Kg3 Bd3 43. Kf3 Bc4 44. Ke3 Bb3 45. Ne2 Bc2 46. Kf4 Bd3 47.
Nc3 Bc4 48. Na4 Kc7 49. Ke5 Bxb5 50. Nc3 Bc6 51. Kf6 b5 52. Kxg6 b4 53. axb4 axb4 54. Nb1 Bb5 55. Kf6 Bd3 56. Nd2 Kb6 57. g6 Kb5 58. g7 Bh7 59. Ke5 Bg8 60. Kd6 Ka4 61.
Ke7 b3 62. Kf8 Bh7 63. g8=Q Bxg8 64. Kxg8 b2 65. Kf7 Kb4 66. Ke6 Kc3 67. Nb1+ Kxd4 68. Kd6 Kc4 69. Ke5 d4 70. Ke4 d3 71. Ke3 Kb3 72. Kxd3 Ka2 73. Kc2 Ka1 74. Nc3 b1=Q+ 75. Nxb1 1/2-1/2

[Event "Late-Titled-Tuesday-Blitz-February-20-2024"]
[Site "Chess.com"]
[Date "2024.02.20"]
[Round "2"]
[White "dedpihto_v_kozhanom_palto"]
[Black "ChessFanNM"]
[Result "1-0"]
[WhiteElo "2690"]
[BlackElo "2319"]
[TimeControl "180+1"]
[EndTime "14:18:36 PST"]
[Termination "dedpihto_v_kozhanom_palto won by checkmate"]

1. c4 c6 2. d4 d5 3. Nf3 Nf6 4. Nc3 dxc4 5. a4 Bf5 6. e3 e6 7. Bxc4 Bb4 8. O-O O-O 9. Bd2 a5 10. Ne2 Qe7 11. h3 Na6 12. Ng3 Bg6 13. Ne5 Rac8 14.
Nxg6 hxg6 15. Rc1 c5 16. Bc3 Rfd8 17. Qe2 Bxc3 18. bxc3 Nc7 19. Qb2 Nce8 20. Rfd1 Nd6 21. Be2 e5 22. Bf3 cxd4 23. cxd4 exd4 24. Rxc8 Rxc8 25.
Qxd4 Nf5 26. Nxf5 gxf5 27. Qb6 Rc7 28. Qxa5 g6 29. Rb1 Ne4 30. Bxe4 fxe4 31. Qb6 Kg7 32. Qd4+ Kg8 33. Rd1 Kh7 34. g3 Kg8 35. h4 Kh7 36. Kg2 Rc5 37. Qd8 Qxd8 38. Rxd8 Rc4 39. Rd4 Rc2 40.
Rxe4 Ra2 41. Rb4 Kg7 42. Kf3 Ra1 43. Kf4 b6 44. f3 Ra2 45. e4 Ra3 46. Rd4 Ra1 47.
Kg4 Rg1 48. Rb4 Ra1 49. Rxb6 Ra3 50. Rb4 Ra1 51. Kf4 Rg1 52. a5 g5+ 53. hxg5 Ra1 54. Rb5 Ra4 55. Kf5 Ra3 56. Kg4 Ra4 57. Rc5 Ra3 58. f4 Re3 59. e5 Ra3 60. Rb5 Ra4 61.
Kf5 Ra3 62. g4 Ra1 63. Rb7 Rxa5 64. g6 Ra6 65. Rxf7+ Kg8 66. Rf6 Ra5 67. Rd6 Ra7 68. Kf6 Kf8 69. Rd8# 1-0

[Event "Late-Titled-Tuesday-Blitz-February-20-2024"]
[Site "Chess.com"]
[Date "2024.02.20"]
[Round "2"]
[White "lucasran"]
[Black "Duhless"]
[Result "0-1"]
[WhiteElo "2635"]
[BlackElo "3082"]
[TimeControl "180+1"]
[EndTime "14:18:37 PST"]
[Termination "Duhless won by resignation"]

1. Nf3 Nf6 2. c4 g6 3. Nc3 Bg7 4. d4 O-O 5. g3 d6 6. Bg2 a5 7. O-O Bf5 8. Ne1 Nc6 9. e4 Bg4 10.
f3 Bd7 11. Be3 e5 12. d5 Nd4 13. Bxd4 exd4 14. Qxd4 Ng4 15. Qd2 Ne5 16. Qe2 c6 17. Kh1 Re8 18. f4 Bg4 19. Nf3 Nd7 20. h3 Bxf3 21.
Bxf3 Nc5 22. Qc2 a4 23. Rad1 Qc7 24. Kg2 Re7 25. Rfe1 Rae8 26. Nxa4 Nxa4 27. Qxa4 Bxb2 28. Qb3 Bg7 29. e5 c5 30. e6 f5 31. h4 h5 32.
Rb1 Ra8 33. Re2 Ra6 34. Qb5 Qd8 35. a4 Qa8 36. Ra2 Bc3 37. Qb3 Bd4 38. Qc2 b6 39.
Rb5 Rea7 40. Bd1 Qd8 41. Kh3 Ra5 42. Rxa5 bxa5 43. Ra3 Rb7 44. Rb3 Rb4 45. Rxb4 cxb4 46. Bxh5 gxh5 47. Qxf5 Qf6 48. Qxh5 b3 49. Qe8+ Kg7 50.
e7 Qf5+ 51. Kg2 b2 52. Qb8 Qe4+ 53. Kh3 Qxe7 54. f5 Qf7 55. Kg4 Kh7 56. h5 Be5 57.
Kh3 Qxf5+ 58. g4 Qf3+ 59. Kh4 Bf6+ 60. g5 Qf4+ 61. Kh3 Qf5+ 62. Kh2 Be5+ 63. Kh1 b1=Q+ 0-1

[Event "Late-Titled-Tuesday-Blitz-February-20-2024"]
[Site "Chess.com"]
[Date "2024.02.20"]
[Round "2"]
[White "Zavgorodniy_Sergiy"]
[Black "VincentKeymer"]
[Result "1/2-1/2"]
[WhiteElo "2625"]
[BlackElo "3052"]
[TimeControl "180+1"]
[EndTime "14:18:41 PST"]
[Termination "Game drawn - insufficient material"]

1. e4 c6 2. d4 d5 3. e5 Bf5 4. Nf3 e6 5. Be2 h6 6. O-O Ne7 7. a4 Nd7 8. b3 c5 9. c4 dxc4 10. Bxc4 cxd4 11. Qxd4 Nc6 12. Qb2 Be7 13. h3 Rc8 14. Na3 O-O 15. Bf4 a6 16. Rfe1 Qc7 17. Rac1 Rfd8 18. Bf1 Nb6 19. Nc4 Nxc4 20. Rxc4 Qd7 21.
Rcc1 Nb4 22. Rxc8 Rxc8 23. Nd4 Bd3 24. Rd1 Bxf1 25. Kxf1 Bc5 26. Be3 Nd5 27. Bc1 Bxd4 28. Qxd4 Qc6 29. Ba3 Qc3 30. Qxc3 Rxc3 31. Rb1 g5 32.
Bd6 Kg7 33. b4 Rd3 34. a5 h5 35. Rc1 h4 36. Kg1 Rd2 37. Rc8 Rd4 38. Rb8 Nxb4 39. Rxb7 Rd1+ 40. Kh2 Nd3 41. g3 Rd2 42. gxh4 gxh4 43.
Kg1 Nxf2 44. Rb6 Nxh3+ 45. Kh1 Nf2+ 46. Kg2 h3+ 47. Kg3 Ne4+ 48. Kxh3 Nxd6 49. exd6 f5 50. Rxa6 Kf6 51. Ra7 Rxd6 52. a6 f4 53. Ra8 Ke5 54. Kg4 Rd3 55. a7 Rg3+ 56. Kh4 Ra3 57. Kg4 Ra4 58.
Kf3 Ra5 59. Kg4 Ra3 60. Rf8 Rxa7 61. Rxf4 Ra3 62. Rb4 Kd5 63. Kf4 e5+ 64. Kf5 Rf3+ 65. Kg4 e4 66. Rb8 Ra3 67. Rd8+ Kc4 68. Kf4 e3 69. Kf3 Rb3 70. Re8 Kd4 71. Rd8+ Kc4 72.
Ke2 Rb2+ 73. Kxe3 Rb3+ 74. Ke4 Rb5 75. Rc8+ Kb4 76. Rc1 Rc5 77. Rxc5 Kxc5 1/2-1/2

[Event "Late-Titled-Tuesday-Blitz-February-20-2024"]
[Site "Chess.com"]
[Date "2024.02.20"]
[Round "2"]
[White "rhungaski"]
[Black "Durarbayli"]
[Result "1-0"]
[WhiteElo "2606"]
[BlackElo "2957"]
[TimeControl "180+1"]
[EndTime "14:18:57 PST"]
[Termination "rhungaski won by resignation"]

1. e4 e6 2. d4 d5 3. Nc3 Nf6 4.
e5 Nfd7 5. Nce2 c5 6. c3 Nc6 7. Nf3 a5 8. h4 b5 9. Nf4 b4 10. Ng5 bxc3 11. bxc3 cxd4 12. Ngxe6 fxe6 13. Qh5+ g6 14. Nxg6 Nf6 15. exf6 hxg6 16. Qxh8 dxc3 17. Ba3 Nb4 18.
Bxb4 axb4 19. Bb5+ Bd7 20. Bd3 Ba4 21. Bxg6+ Kd7 22.
O-O Qb6 23. h5 Qd4 24. Qh7+ Kc6 25. Qf7 Bd6 26. Qxe6 Qe5 27. Qxe5 Bxe5 28. f7 Kd6 29. f4 Bd4+ 30. Kh2 c2 31. Rac1 Be3 32. Rxc2 Bxc2 33. Bxc2 Ke7 34. Bb3 Rd8 35. Rd1 Bxf4+ 36. g3 Bd6 37.
Rxd5 Rc8 38. Rd2 Rc3 39. Rg2 Kf8 40. Kh3 Rc5 41. Kh4 Be7+ 42. Kg4 Rg5+ 43. Kf4 Rxh5 44. g4 Bd6+ 45. Ke4 Re5+ 46. Kd4 Rg5 47. Kd3 Be5 48.
Re2 Ke7 49. Re4 Kf8 50. Ke2 Bd6 51. Re6 Be7 52. Rh6 Kg7 53. Re6 Bf8 54. Re4 Rg6 55. Be6 Rf6 56. Kd3 Rf3+ 57. Kc4 Rc3+ 58. Kb5 Ra3 59.
Bb3 Ra7 60. Re5 Rb7+ 61. Kc6 Rb8 62. Rg5+ Kf6 63. Rg8 Ke7 64. g5 Rc8+ 65. Kb7 Rc5 66.
g6 Rg5 67. Kc6 Rg3 68. Bd5 Rg5 69. Kc5 Rg4 70. Bc4 Rg2 71. Kxb4 Rg5 72. a4 Bh6 73. Re8+ Kd7 74. f8=Q Bxf8+ 75. Rxf8 Rxg6 76. Rf7+ Kc6 77. Bb5+ Kd6 78. Rd7+ Ke6 79. Rd1 Rg4+ 80. Kc5 Rg5+ 81. Kc6 Rg6 82. Rd6+ Ke5 83. Rxg6 1-0

[Event "Late-Titled-Tuesday-Blitz-February-20-2024"]
[Site "Chess.com"]
[Date "2024.02.20"]
[Round "2"]
[White "VinzentSpitzl"]
[Black "Elsa167"]
[Result "0-1"]
[WhiteElo "2543"]
[BlackElo "2886"]
[TimeControl "180+1"]
[EndTime "14:18:58 PST"]
[Termination "Elsa167 won on time"]

1. e4 e6 2. d4 d5 3. Nd2 c5 4. exd5 Qxd5 5. Ngf3 cxd4 6. Bc4 Qd7 7. O-O Nc6 8. Nb3 a6 9. a4 Nf6 10. Nbxd4 Nxd4 11. Qxd4 Qxd4 12. Nxd4 Bd7 13. Be2 Bc5 14. Nb3 Bb6 15.
Bf3 O-O-O 16. Be3 Bxe3 17. fxe3 Kc7 18. Na5 b6 19. Nc4 Rhf8 20. Ne5 a5 21. Rfd1 Be8 22. Rxd8 Kxd8 23. Nc4 Kc7 24. b3 Bc6 25. Bxc6 Kxc6 26. Rf1 Nd7 27. Kf2 f6 28. Ke2 Nc5 29. Rd1 Nb7 30. c3 Rd8 31. Rxd8 Nxd8 32. b4 Nb7 33. Kd3 e5 34. g4 axb4 35. cxb4 b5 36. axb5+ Kxb5 37.
Kc3 Nd8 38. Na3+ Kc6 39. b5+ Kc5 40. Kd3 Nb7 41. Nc2 Nd6 42. e4 Nxb5 43. Ne3 Nd4 44. h3 Kd6 45. Nc4+ Ke7 46. Ke3 Ne6 47. Nd2 Nf4 48.
h4 Ng2+ 49. Kf3 Nxh4+ 50. Kg3 Ng6 51. Nc4 Nf4 52. Ne3 g6 53. Kf3 Ne6 54. Kg3 Ng5 55.
Nd5+ Ke6 56. Nc3 Kd6 57. Kf2 Kc5 58. Ke3 Kd6 59. Nd5 Ke6 60. Nc7+ Kf7 61. Nd5 Ne6 62. Kf3 Kg7 63. Nc3 Nf4 64. Nb5 h5 65. gxh5 Nxh5 66.
Nd6 Nf4 67. Kg4 Ne6 68. Kf3 Kh6 69. Kg4 Ng5 0-1

[Event "Late-Titled-Tuesday-Blitz-February-20-2024"]
[Site "Chess.com"]
[Date "2024.02.20"]
[Round "2"]
[White "bipe137"]
[Black "Abund"]
[Result "1/2-1/2"]
[WhiteElo "2523"]
[BlackElo "2792"]
[TimeControl "180+1"]
[EndTime "14:19:00 PST"]
[Termination "Game drawn by repetition"]

1. d4 d5 2. c4 e6 3. Nc3 Nf6 4.
cxd5 exd5 5. Bg5 c6 6. e3 h6 7.
Bh4 Be7 8. Bd3 O-O 9. Nf3 Ne4 10.
Bxe7 Qxe7 11. Bxe4 dxe4 12. Nd2 f5 13. O-O Be6 14.
f3 exf3 15. Qxf3 Nd7 16. a3 Nf6 17. Rae1 Qd7 18. Qg3 Kh8 19. Nf3 Kg8 20. Ne5 Qd6 21. Qh4 Nd7 22. Ng6 Rf6 23. Nf4 Kh7 24. Qf2 Bc4 25.
Nce2 Re8 26. Rc1 Ba6 27. Rfe1 Bxe2 28. Qxe2 Rf7 29. Qh5 Ree7 30. Qf3 Nf6 31. Nd3 Nd7 32. Kh1 Rf6 33. Nf4 Re4 34. Nh5 Rf7 35. Ng3 Rh4 36. Nf1 Re4 37. Ng3 Rh4 38. Nf1 Qg6 39.
Rc2 Nf6 40. g3 Re4 41. Nd2 Re6 42. Rc5 Nd5 43. Qf2 Rfe7 44. Nf1 Qg4 45. Rc2 Qe4+ 46.
Kg1 Rf6 47. Rce2 Qd3 48. Rd2 Qb5 49. Rde2 Qb3 50. Nd2 Qd3 51. Nf3 Qe4 52. Ne5 Ree6 53. Qg2 Qxg2+ 54. Kxg2 Re7 55. Rf2 Rf8 56. Rf3 g6 57. h3 Kg7 58. Ref1 Rf6 59. g4 fxg4 60.
hxg4 g5 61. Rxf6 Nxf6 62. Rf5 Nd7 63. Nxd7 Rxd7 64. Rf3 Re7 65. Rh3 Kg6 66. Kf3 Rf7+ 67. Ke2 Re7 68. Rh1 Re4 69. Kf3 Re8 70. e4 Rf8+ 71. Ke3 Rf4 72. Rg1 Kf6 73. b4 a6 74.
a4 Kg6 75. a5 Kf6 76. Rh1 Kg6 77. Rg1 Kf6 78. Rh1 Kg6 79. Rg1 1/2-1/2

[Event "Late-Titled-Tuesday-Blitz-February-20-2024"]
[Site "Chess.com"]
[Date "2024.02.20"]
[Round "2"]
[White "Marianov_Podstavnikov"]
[Black "LuckyTiger"]
[Result "0-1"]
[WhiteElo "2483"]
[BlackElo "2781"]
[TimeControl "180+1"]
[EndTime "14:19:00 PST"]
[Termination "LuckyTiger won by checkmate"]

1. e4 c5 2. Nf3 d6 3. Bb5+ Nc6 4.
O-O Bd7 5. c3 Nf6 6. Re1 a6 7.
Bf1 Bg4 8. h3 Bxf3 9. Qxf3 e6 10.
d3 Be7 11. Be3 O-O 12. Qd1 d5 13. Nd2 d4 14. cxd4 cxd4 15. Bf4 e5 16. Bh2 Nd7 17.
a4 Rc8 18. Be2 Nc5 19. Bg4 Rb8 20. Nc4 Bd6 21. Rf1 Nb4 22. Ra3 f6 23. f4 Qe7 24.
Qd2 Nc6 25. b4 Ne6 26. Nxd6 Qxd6 27. Qa2 Rbe8 28. f5 Nxb4 29. Qb3 Nc2 30. Ra2 Ne3 31.
Rb1 Re7 32. fxe6 Rc8 33. Kh1 Rc3 34. Qb4 Qc7 35. Bg1 Nxg4 36. hxg4 Rxd3 37. Rab2 Qd8 38. Qc5 Rc3 39. Qa7 Rcc7 40. Rxb7 d3 41. Rxc7 Rxc7 42.
Qb8 Rc8 43. e7 Qe8 44. Qd6 d2 45. Rd1 Kf7 46. Rxd2 Qxe7 47. Qxe7+ Kxe7 48. Rb2 Kf7 49. Rb7+ Kg6 50. Rb6 a5 51. Rb5 Rc4 52. Rxa5 Rxe4 53. Kh2 Rxg4 54. Ra7 f5 55. g3 f4 56. gxf4 Rxf4 57.
Kg2 Rb4 58. Bh2 e4 59. a5 Rb2+ 60. Kg3 h5 61. Bg1 Kf5 62. Rxg7 Rb3+ 63. Kf2 Ra3 64. Ra7 Ra1 65. Bh2 Ra2+ 66. Kg1 e3 67. Bg3 Kg4 68. Be1 Kf3 69. Bb4 Ra1+ 70. Kh2 Ra4 71. Rb7 e2 72. Rf7+ Ke3 73. Re7+ Kd3 74. Be1 Ra1 75. Bf2 Ra2 76. Re3+ Kd2 77. Re7 Kd3 78. Rd7+ Ke4 79. Re7+ Kf3 80. Bg3 e1=Q+ 81. Kh3 Qh1+ 82. Bh2 Qxh2# 0-1

[Event "Late-Titled-Tuesday-Blitz-February-20-2024"]
[Site "Chess.com"]
[Date "2024.02.20"]
[Round "2"]
[White "dropstoneDP"]
[Black "NoHeThTo"]
[Result "1-0"]
[WhiteElo "3016"]
[BlackElo "2607"]
[TimeControl "180+1"]
[EndTime "14:19:11 PST"]
[Termination "dropstoneDP won by resignation"]

1. e4 c5 2. Nf3 g6 3. Bc4 Bg7 4. c3 e6 5. d4 cxd4 6. cxd4 d5 7. exd5 exd5 8. Bb3 Ne7 9. Nc3 h6 10. h3 O-O 11. O-O Nbc6 12. Re1 Be6 13. Bf4 Nf5 14.
Qd2 Nfxd4 15. Nxd4 Nxd4 16. Bxh6 Nxb3 17. axb3 Bxh6 18.
Qxh6 Qf6 19. Ra4 Rfd8 20. Nb5 d4 21. Nc7 Bd7 22. Nd5 Qg7 23. Qxg7+ Kxg7 24. Rxd4 Be6 25. Red1 Rac8 26. Nc7 Rxd4 27. Nxe6+ fxe6 28. Rxd4 Kf6 29. Rd7 Rc2 30. Rxb7 Rxb2 31. h4 a5 32. Rb5 Ra2 33. g4 a4 34. g5+ Kf7 35. Kg2 a3 36. Ra5 Ra1 37. Kg3 a2 38. Ra7+ Kf8 39. Kg2 Rb1 40.
Rxa2 Rxb3 41. Ra8+ Kf7 42. Ra7+ Kf8 43. Ra4 Rc3 44. Rf4+ Kg7 45. Rf6 e5 46. Re6 Rc4 47. Kg3 e4 48. Re7+ Kg8 49. Re5 Kf7 50. Rb5 Rc3+ 51.
Kg2 Rc4 52. Rb7+ Kf8 53. Rb6 Kf7 54. Rf6+ Kg7 55. Rf4 Ra4 56. Kg3 Ra3+ 57. Kg4 e3 58. fxe3 Rxe3 59. Rb4 Rc3 60. Kf4 Rc5 61. Rd4 Rf5+ 62.
Ke4 Rf1 63. Ke5 Re1+ 64. Kd6 Rh1 65. Re4 Kf7 66. Rf4+ Kg7 67. Rc4 Rd1+ 68. Ke5 Re1+ 69. Re4 Ra1 70. Rd4 Ra5+ 71. Ke6 Ra6+ 72. Rd6 Ra4 73.
Rd7+ Kg8 74. Kf6 Ra6+ 75. Ke5 Kf8 76. Rd6 Ra4 77. Kf6 Rf4+ 78. Kxg6 Rxh4 79. Rd8+ Ke7 80.
Ra8 Rg4 81. Rg8 Rg1 82. Kh7 Kf7 83. g6+ Kf6 84. Rf8+ Ke7 85. Rf7+ Ke6 86. Kg7 Rg2 87. Rf3 Rg1 88. Rf2 Rg3 89. Re2+ Kf5 90. Kf7 1-0

[Event "Late-Titled-Tuesday-Blitz-February-20-2024"]
[Site "Chess.com"]
[Date "2024.02.20"]
[Round "2"]
[White "Kopytkin"]
[Black "Blackmind96"]
[Result "1-0"]
[WhiteElo "2391"]
[BlackElo "2689"]
[TimeControl "180+1"]
[EndTime "14:19:16 PST"]
[Termination "Kopytkin won by checkmate"]

1. d4 Nf6 2. Bg5 Ne4 3. Bf4 d5 4. e3 c5 5. Bd3 cxd4 6. exd4 Nc6 7. c3 Qb6 8. Qb3 e6 9. Nf3 Be7 10. O-O O-O 11. Re1 Nf6 12. Qxb6 axb6 13. Bc7 Nd7 14. Nbd2 Bd8 15. Bd6 Be7 16. Bc7 Bd8 17. Bd6 Re8 18. a3 Be7 19. Bc7 Ncb8 20. Re2 Na6 21. Bg3 Bf6 22.
Rae1 Ndb8 23. Ne5 Nc6 24. f4 Bxe5 25. fxe5 Bd7 26. Rf2 Rac8 27. Ref1 Rf8 28. Bh4 Be8 29. Rf3 Rc7 30. Rg3 g6 31. Bf6 Nab8 32. Rf4 Nd7 33. Rh4 Nxf6 34. exf6 e5 35. Rgh3 h5 36. Be2 Bd7 37. Rg3 exd4 38. cxd4 Nd8 39. Rc3 Rxc3 40. bxc3 Ne6 41. Bf3 Rc8 42. Nb1 Bc6 43. g4 hxg4 44. Bxg4 Re8 45. Rh3 Bd7 46. Re3 Nf8 47. Rxe8 Bxe8 48.
Nd2 Bd7 49. h3 Bxg4 50. hxg4 Nd7 51. g5 Kf8 52. Nf3 Ke8 53. Kf2 Nf8 54. Ne5 Ne6 55. Nf3 Kd7 56. Ke3 Kc6 57. Ne5+ Kb5 58. Nxf7 Kc4 59. Kd2 b5 60. Nd6+ Kb3 61. f7 b4 62.
axb4 Ka4 63. Nc8 Nf8 64. Ne7 b5 65. Nxd5 Kb3 66. Ne3 Ka4 67. d5 Kb3 68. Kd3 Kb2 69. Kd4 Kc1 70. Ng4 Kd2 71. Ne5 Ke2 72. Kc5 Ke3 73.
Kc6 Ke4 74. Nd7 Nh7 75. f8=Q Nxf8 76. Nxf8 Kf5 77. Nxg6 Kxg5 78. Kxb5 Kxg6 79. Kc6 Kf7 80. b5 Ke8 81. b6 Kd8 82. b7 Ke7 83. b8=Q Kf6 84.
Qf4+ Kg7 85. d6 Kh8 86. d7 Kh7 87. Qg3 Kh6 88. d8=Q Kh5 89. Qdh4# 1-0

[Event "Late-Titled-Tuesday-Blitz-February-20-2024"]
[Site "Chess.com"]
[Date "2024.02.20"]
[Round "2"]
[White "pooh2012"]
[Black "ckgchess"]
[Result "1-0"]
[WhiteElo "2561"]
[BlackElo "2879"]
[TimeControl "180+1"]
[EndTime "14:19:31 PST"]
[Termination "pooh2012 won by checkmate"]

1. d4 Nf6 2. c4 g6 3. Nc3 Bg7 4. e4 O-O 5. Nf3 d6 6. Be2 e5 7.
Be3 Ng4 8. Bg5 f6 9. Bh4 g5 10. Bg3 Nh6 11. h3 Nc6 12. dxe5 fxe5 13. Qd2 Nf7 14. Nh2 Nd4 15. Bg4 c6 16. Rd1 Qe7 17. Ne2 Ne6 18. Bf5 Nh6 19. Bxe6+ Bxe6 20. Qxd6 Qxd6 21. Rxd6 Bxc4 22. Nc3 Nf7 23. Rd7 b5 24. a3 Rfd8 25. Rc7 a5 26. Rxc6 Bd3 27. f3 b4 28. Nd5 bxa3 29. bxa3 Rab8 30. Kd2 Bb5 31. Rc7 Be8 32. Ng4 Rb2+ 33. Rc2 Rxc2+ 34. Kxc2 Ba4+ 35. Kd2 h5 36. Ne3 Bf8 37. Ra1 Rb8 38. Nf6+ Kh8 39.
Nxh5 Rb2+ 40. Ke1 Rb3 41. Bf2 Bxa3 42. Nc2 Bb4+ 43. Nxb4 Rxb4 44. Nf6 Rc4 45. Be3 Kg7 46. Nd5 Nd6 47. Nb6 Rc3 48. Bd2 Rb3 49. Nxa4 Nc4 50.
Nc5 Rb5 51. Nd3 Rb3 52. Ke2 Rb5 53. Ra4 Nb6 54. Ra2 Nc4 55. Bc3 Kf6 56. Nb2 Nb6 57. Rxa5 Rb3 58. Rc5 Nd7 59. Rc6+ Ke7 60. Kd3 Rb8 61.
Kc2 Rd8 62. Nc4 Ra8 63. Nxe5 Nf8 64. Rc7+ Kd6 65. Rb7 Ne6 66. Rb2 Rc8 67. Nd3 Nd4+ 68.
Kd2 Ne6 69. Be5+ Kd7 70. Ke3 Ra8 71. Rb7+ Kc6 72. Re7 Nd8 73. Rc7+ Kb5 74. Rg7 Ne6 75. Rg6 Re8 76. g4 Kc4 77. f4 gxf4+ 78. Nxf4 Nc5 79. Rg5 Nd7 80. Bd4 Ra8 81. Bg7 Ra3+ 82. Kf2 Nc5 83.
Rxc5+ Kxc5 84. Bf8+ Kd4 85. Bxa3 Kxe4 86. Ne2 Ke5 87. Kg3 Ke6 88. Nf4+ Kf7 89. h4 Kg8 90. h5 Kh7 91. Kh4 Kg8 92. g5 Kh7 93. g6+ Kg8 94. Kg5 Kg7 95. h6+ Kg8 96. h7+ Kg7 97.
Bb2+ Kf8 98. h8=Q+ Ke7 99. Qf6+ Kd7 100. Qf7+ Kd8 101. g7 Kc8 102. g8=Q# 1-0